 Dungeon Crawl Stone Soup version 0.22.0-38-g04b72b8 (console) character file.

246 nht the Slicer (level 6, -3/37 HPs)
             Began as a Kobold Fighter on Aug 31, 2018.
             Was a Follower of Yredelemnul.
             Killed by divine providence
             ... invoked by an orc priest
              (13 damage)
             ... on level 3 of the Dungeon.
             The game lasted 00:04:16 (1957 turns).

nht the Slicer (Kobold Fighter)                     Turns: 1957, Time: 00:04:16

Health: -3/37      AC:  6    Str: 16    XL:     6   Next: 33%
Magic:  6/6        EV: 10    Int:  9    God:    Yredelemnul [*.....]
Gold:   107        SH:  5    Dex: 14    Spells: 5/5 levels left

rFire    . . .     SeeInvis .   d - +1 short sword (drain)
rCold    . . .     Gourm    .   v - +0 buckler
rNeg     . . .     Faith    .   b - +0 scale mail
rPois    .         Spirit   .   (no helmet)
rElec    .         Reflect  .   (no cloak)
rCorr    .         Harm     .   (no gloves)
MR       .....                  (no boots)
Stlth    ..........             (no amulet)
HPRegen  0.12/turn              (no ring)
MPRegen  0.10/turn              (no ring)

@: no status effects
A: small, carnivore
a: Animate Remains, Renounce Religion


You were on level 3 of the Dungeon.
You worshipped Yredelemnul.
Yredelemnul was aware of your devotion.
You were completely stuffed.

You visited 1 branch of the dungeon, and saw 3 of its levels.

You collected 107 gold pieces.

Inventory:

Hand Weapons
 a - a +0 rapier
 d - a +1 short sword of draining (weapon)
 u - a +1 whip of freezing
Missiles
 o - 20 poisoned needles
 p - 8 tomahawks (quivered)
Armour
 b - a +0 scale mail (worn)
 c - a +0 shield
 v - a +0 buckler (worn)
Scrolls
 h - 2 scrolls of noise {unknown}
 i - 2 scrolls of amnesia {unknown}
 m - 2 scrolls of remove curse {unknown}
 n - a scroll of teleportation {unknown}
Potions
 e - 2 potions of heal wounds
 k - a potion of berserk rage
 l - a potion of resistance
 q - 3 potions of flight
 r - a potion of degeneration {unknown}
 s - a potion of curing {unknown}
 t - a potion of lignification {unknown}
Comestibles
 f - 4 rations


   Skills:
 - Level 3.2 Fighting
 + Level 8.0 Short Blades
 - Level 2.4 Armour
 + Level 2.7 Shields


You had 5 spell levels left.
You didn't know any spells.
Your spell library was empty.

Dungeon Overview and Level Annotations

Branches:
Dungeon (3/15)

Altars:
Fedhas
Yredelemnul


Innate Abilities, Weirdness & Mutations

You are small and have problems with some larger weapons.
You are carnivorous and can eat meat at any time.


Message History

The orc barely misses you.
An orc wizard comes into view. It is wielding a dagger.
You see here 5 gold pieces.
You hit the orc. You drain the orc!
You kill the orc!
Yredelemnul accepts your kill.
Your Short Blades skill increases to level 8!
An orc priest comes into view.
Your bat zombie hits the orc.
You block the orc's attack.
You puncture the orc!
You kill the orc!
Yredelemnul accepts your kill.
Things that are here:
a short sword of venom; a tomahawk The orc wizard hits you with a dagger.
* * * LOW HITPOINT WARNING * * *
The orc priest mumbles some strange prayers to Beogh against you.
Beogh smites you!
You die...
Your body rises from the dead as a mindless zombie.

.......<.█.████.████....█.....███
...........█ █.█ █...(.......█
.....(..█..█ █.█ █....█████.██
....^..██..████.███....█ <█
............█).........█ ██
...█████....█.█........█ ...
█...............█ ..
█.PoP..).$████ █.._..@Z(Z█
█.P.Po█Z...w...█ █.......██......
.$....████ ......


██████ ...... ...... ...... .... You could see an orc priest, an orc wizard, a
dart slug, a friendly bat zombie, a friendly rat zombie and a friendly orc
zombie.

Vanquished Creatures
  A crimson imp (D:3)
  An orc priest (D:3)
  Terence (D:2)
  5 gnolls
  An adder (D:3)
  2 oozes
  A worm (D:2)
  3 dart slugs (D:1)
  7 orcs (D:3)
  A ball python (D:3)
  5 giant cockroaches
  3 goblins
  10 hobgoblins
  8 jackals
  7 bats
  4 frilled lizards
  12 kobolds
  5 rats
77 creatures vanquished.

Vanquished Creatures (collateral kills)
  A goblin (D:2)
1 creature vanquished.

Grand Total: 78 creatures vanquished

Notes
Turn   | Place    | Note
-------+----------+-------------------------------------------
     0 | D:1      | nht the Kobold Fighter began the quest for the Orb.
     0 | D:1      | Reached XP level 1. HP: 14/14 MP: 1/1
    43 | D:1      | Reached skill level 3 in Short Blades
    53 | D:1      | Reached XP level 2. HP: 15/19 MP: 2/2
   217 | D:1      | Reached skill level 4 in Short Blades
   245 | D:1      | Reached XP level 3. HP: 20/23 MP: 3/3
   356 | D:1      | Reached skill level 5 in Short Blades
   536 | D:1      | Reached XP level 4. HP: 27/28 MP: 4/4
   909 | D:2      | Noticed Terence
   926 | D:2      | Killed Terence
   926 | D:2      | Reached skill level 6 in Short Blades
  1000 | D:2      | Reached XP level 5. HP: 23/32 MP: 5/5
  1244 | D:2      | Found a faded altar of an unknown god.
  1392 | D:2      | Became a worshipper of Yredelemnul the Dark
  1392 | D:2      | Reached * piety under Yredelemnul
  1437 | D:2      | Found a blossoming altar of Fedhas.
  1668 | D:2      | Reached skill level 7 in Short Blades
  1770 | D:3      | Reached XP level 6. HP: 26/37 MP: 6/6
  1795 | D:3      | Found a basalt altar of Yredelemnul.
  1953 | D:3      | Reached skill level 8 in Short Blades
  1957 | D:3      | Killed from afar by an orc priest

Skill      XL: |  1  2  3  4  5  6 |
---------------+-------------------+-----
Short Blades   | 3 4 5 6 7 8 |  8.0
Fighting       | |  3.2
Armour         | |  2.4
Shields        | |  2.7

Action                   |  1- 3 |  4- 6 || total
-------------------------+-------+-------++-------
Melee: Rapier            |    72 |   164 ||   236
       Short sword       |       |     8 ||     8
Invok: Animate Remains   |       |     4 ||     4
  Use: Scroll            |       |     5 ||     5
       Potion            |       |     1 ||     1
  Eat: Chunk             |     7 |     6 ||    13
Armor: Scale mail        |    29 |    59 ||    88
Dodge: Dodged            |    32 |    88 ||   120
Block: Buckler           |       |     2 ||     2
